 Dungeon Crawl Stone Soup version 0.18-a0-1721-gc4d1f22 (webtiles) character file.

7042 Chiseanne the Charlatan (level 10, 0/81 HPs)
             Began as a Centaur Air Elementalist on Apr 9, 2016.
             Was an Initiate of Gozag.
             Slain by a slime creature (19 damage)
             ... on level 12 of the Dungeon.
             The game lasted 00:50:17 (14159 turns).

Chiseanne the Charlatan (Centaur Air Elementalist) Turns: 14159, Time: 00:50:17

Health: 0/81       AC: 11    Str: 13    XL:     10   Next: 83%
Magic:  26/26      EV: 13    Int: 21    God:    Gozag
Gold:   41         SH:  7    Dex: 15    Spells: 3 memorised, 12 levels left

rFire  . . .     SeeInvis +     a - +7 war axe "Vaafiexi" {freeze, Dex+4}
rCold  . . .     Gourm    .     G - +2 robe {MR+}
rNeg   + . .     Faith    .     k - +2 buckler
rPois  .         Spirit   .     d - +0 helmet of Obunt {Int+4 SInv}
rElec  .         Dismiss  .     m - +1 cloak {+Inv}
rCorr  .         Reflect  .     r - +1 pair of gloves {Str+3}
SustAt .         Harm     .     (no barding)
MR     +....                    h - amulet of rage
Stlth  +.........               A - ring of magical power
                                g - ring of positive energy

@: very slightly contaminated, very quick, somewhat resistant to hostile
enchantments, very unstealthy
A: hooves 3, deformed body, speed 2, tough skin 3
a: Potion Petition, Call Merchant, Bribe Branch, Renounce Religion, Evoke
Berserk Rage, Evoke Invisibility


You were on level 12 of the Dungeon.
You worshipped Gozag.
Gozag was noncommittal.
You were not hungry.

You visited 2 branches of the dungeon, and saw 13 of its levels.
You also visited: Sewer.

You collected 2015 gold pieces.
You spent 1266 gold pieces at shops.
You paid 708 gold pieces to Gozag.

Inventory:

Hand Weapons
 a - the +7 war axe "Vaafiexi" (weapon) {freeze, Dex+4}
   (You found it on level 8 of the Dungeon)

   It has been specially enchanted to freeze those struck by it, causing extra
   injury to most foes and up to half again as much damage against particularly
   susceptible opponents.
   It can also slow down cold-blooded creatures.
   It affects your dexterity (+4).
 f - a +0 scimitar of flaming
 s - a +2 mace of protection
 w - a +0 blowgun
Missiles
 j - 63 poisoned needles
 l - 67 bolts
 n - a throwing net (quivered) {!*}
 x - 4 curare-tipped needles {!*}
 z - 44 sling bullets
 B - 11 silver sling bullets
 J - 13 bolts of frost
 L - 3 poisoned tomahawks
 Q - 3 tomahawks
Armour
 d - the +0 helmet of Obunt (worn) {Int+4 SInv}
   (You bought it in a shop on level 11 of the Dungeon)

   It affects your intelligence (+4).
   It lets you see invisible.
 k - a +2 buckler (worn)
 m - a +1 cloak of invisibility (worn)
 r - a +1 pair of gloves of strength (worn)
 G - a +2 robe of magic resistance (worn)
Magical Staves
 D - an uncursed staff of conjuration
 M - an uncursed staff of fire
 S - an uncursed staff of earth
Jewellery
 g - a ring of positive energy (left hand)
 h - an amulet of rage (around neck)
 A - a ring of magical power (right hand)
 T - an uncursed ring of ice
Wands
 K - a wand of random effects (13/48)
Scrolls
 i - 5 scrolls of remove curse
 q - a scroll of blinking
 y - 5 scrolls of teleportation
 F - a scroll of amnesia
 I - 6 scrolls of fog
Potions
 e - 8 potions of curing
 o - 4 potions of heal wounds
 p - 2 potions of ambrosia
 t - a potion of might {unknown}
 u - a potion of berserk rage
 v - 4 potions of lignification
 C - 3 potions of flight
 E - a potion of cure mutation
 R - a potion of haste
Books
 b - a book of Air

   Spells                             Type                      Level
   a - Shock                          Conjuration/Air              1
   b - Swiftness                      Charms/Air                   2
   c - Repel Missiles                 Charms/Air                   2
   d - Static Discharge               Conjuration/Air              3
   e - Lightning Bolt                 Conjuration/Air              5
 H - a book of Power

   Spells                             Type                      Level
   a - Fulminant Prism                Conjuration/Hexes            4
   b - Iskenderun's Mystic Blast      Conjuration                  4
   c - Venom Bolt                     Conjuration/Poison           5
   d - Bolt of Magma                  Conjuration/Fire/Earth       5
   e - Iron Shot                      Conjuration/Earth            6
   f - Orb of Destruction             Conjuration                  7
   g - Spellforged Servitor           Conjuration/Summoning        7
Comestibles
 c - 3 bread rations
 N - 3 meat rations


   Skills:
 + Level 5.3 Fighting
 - Level 4.1 Throwing
 - Level 3.4 Armour
 * Level 6.4 Dodging
 - Level 1.2 Stealth
 - Level 4.0 Shields
 * Level 4.8 Spellcasting
 + Level 3.8 Conjurations
 - Level 2.6 Air Magic
 - Level 6.9 Evocations


You had 12 spell levels left.
You knew the following spells:

 Your Spells              Type           Power        Failure   Level  Hunger
a - Shock                 Conj/Air       ###.         3%          1    None
b - Repel Missiles        Chrm/Air       ##....       12%         2    None
c - Static Discharge      Conj/Air       ###.....     12%         3    ##.....


Dungeon Overview and Level Annotations

Branches:
Dungeon (12/15)            Temple (1/1) D:7            Lair (0/8) D:8
    Orc (0/2) D:11

Altars:
Ashenzari
Cheibriados
Dithmenos
Elyvilon
Fedhas
Gozag
Kikubaaqudgha
Makhleb
Nemelex Xobeh
Okawaru
Pakellas
Qazlal
Ru
Sif Muna
Trog
Vehumet
Xom
Yredelemnul
Zin
The Shining One

Shops:
D:6 [   D:7 [   D:11 [*[:%

Annotations:
D:4 azaza322's ghost, novice GrFi
D:11 Erolcha; Maud


Innate Abilities, Weirdness & Mutations

You have hooves in place of feet.
Armour fits poorly on your strangely shaped body.
You cover ground very quickly.
You have extremely tough skin (AC +3).


Message History

You hear the faint crackling of a very distant melting archway.
The slime creature closely misses you. You block the slime creature's attack.
You hit the slime creature. You freeze the slime creature.
You kick the slime creature, but do no damage.
The slime creature is lightly wounded.
The slime creature hits you.
* * * LOW HITPOINT WARNING * * *
You completely miss the slime creature.
The slime creature is lightly wounded.
The slime creature hits you but does no damage.
The slime creature misses you.
You slash the slime creature! You freeze the slime creature.
You kick the slime creature.
The slime creature is moderately wounded.
The slime creature misses you.
You slash the slime creature! You freeze the slime creature!
The slime creature is severely wounded.
The slime creature hits you!!
You die...
Your body crumbles into a pile of gold.

###.................##
#..##....J....#......#
###..........###.....#
#...........## #....
#.###....#.## ##. ##
#..###.#.# ###.##..##
##J###.# #@#..###
######


You could see a slime creature.

Vanquished Creatures
  Erica (D:11)
  A centaur zombie (D:10)
  A centaur skeleton (D:10)
  A spriggan (D:7)
  5 yaks (D:9)
  A wyvern (D:8)
  A hippogriff (D:7)
  Edmund (D:5)
  A water moccasin (D:8)
  5 orc warriors
  2 sky beasts
  6 ogres
  A phantom (D:9)
  7 centaurs
  A crocodile (D:8)
  A big kobold (Sewer)
  9 giant frogs
  A water moccasin skeleton (D:7)
  A scorpion (D:8)
  3 killer bees
  3 wights (D:9)
  A howler monkey (D:5)
  5 crimson imps
  4 hounds
  2 quasits
  11 orc wizards
  2 orc priests
  A jelly (D:9)
  2 giant frog skeletons (D:8)
  An iguana (D:6)
  6 worker ants
  3 hound skeletons
  A worker ant zombie (D:7)
  4 gnolls (D:10)
  16 adders
  5 river rats
  3 shadow imps
  An adder zombie (D:6)
  2 adder skeletons
  3 worms
  A dart slug (D:1)
  3 giant geckos
  37 orcs
  9 giant cockroaches
  8 goblins
  6 hobgoblins
  8 jackals
  9 kobolds
  6 quokkas
  A ball python (D:1)
  19 bats
  7 giant newts
  A jackal skeleton (D:6)
  A quokka zombie (D:8)
  16 rats
  3 fungi (D:8)
  3 plants (D:8)
264 creatures vanquished.

Vanquished Creatures (others)
  A fungus (D:8)
1 creature vanquished.

Grand Total: 265 creatures vanquished

Notes
Turn   | Place    | Note
--------------------------------------------------------------
     0 | D:1      | Chiseanne the Centaur Air Elementalist began the quest for the Orb.
     0 | D:1      | Reached XP level 1. HP: 14/14 MP: 3/3
   444 | D:1      | Reached XP level 2. HP: 22/22 MP: 4/4
   451 | D:1      | Learned a level 2 spell: Repel Missiles
  1272 | D:2      | Reached skill level 1 in Fighting
  1272 | D:2      | Reached XP level 3. HP: 12/28 MP: 0/5
  1926 | D:2      | Found a burning altar of Makhleb.
  1948 | D:2      | Reached skill level 1 in Armour
  1948 | D:2      | Reached XP level 4. HP: 9/35 MP: 2/6
  2991 | D:3      | Found a shadowy altar of Dithmenos.
  3171 | D:3      | Reached XP level 5. HP: 29/41 MP: 7/7
  3613 | D:4      | Noticed azaza322's ghost (novice GrFi)
  4014 | D:4      | Found a basalt altar of Yredelemnul.
  4197 | D:4      | Found a sparkling altar of Nemelex Xobeh.
  4197 | D:4      | Found an opulent altar of Gozag.
  4203 | D:4      | Became a worshipper of Gozag Ym Sagoz the Greedy
  4254 | D:4      | Noticed an ogre
  4263 | D:4      | Killed an ogre
  4263 | D:4      | Reached XP level 6. HP: 48/48 MP: 8/8
  4399 | D:4      | Noticed a sky beast
  4417 | D:4      | Killed a sky beast
  4422 | D:5      | Entered Level 5 of the Dungeon
  4422 | D:5      | Noticed an ice beast
  4457 | D:5      | Reached XP level 7. HP: 11/53 MP: 10/10
  4688 | D:5      | Noticed Edmund
  4814 | D:5      | Found a sacrificial altar of Ru.
  5306 | D:5      | Reached skill level 5 in Evocations
  6013 | D:5      | Killed Edmund
  6013 | D:5      | Reached XP level 8. HP: 49/61 MP: 13/13
  6359 | D:6      | Found a glowing drain.
  6453 | Sewer    | Entered a sewer
  6605 | Sewer    | Found a white marble altar of Elyvilon.
  7513 | D:6      | Found an oddly glowing altar of Pakellas.
  8134 | D:6      | Bought a pair of runed gloves for 117 gold pieces
  8141 | D:6      | Bought an embroidered robe for 18 gold pieces
  8158 | D:6      | Learned a level 3 spell: Static Discharge
  8196 | D:7      | Found Otomm's Armour Shop.
  8204 | D:7      | Reached skill level 1 in Conjurations
  8590 | D:7      | Reached XP level 9. HP: 70/70 MP: 14/14
  8634 | D:7      | Found a staircase to the Ecumenical Temple.
  8644 | Temple   | Entered the Ecumenical Temple
  9012 | D:7      | Found a bloodstained altar of Trog.
  9048 | D:7      | Bought a +0 buckler for 67 gold pieces
  9349 | D:7      | Reached skill level 1 in Shields
  9458 | D:7      | Found an iron altar of Okawaru.
  9459 | D:7      | Found a white marble altar of Elyvilon.
  9686 | D:8      | Found a staircase to the Lair.
 10398 | D:7      | Reached skill level 5 in Dodging
 10627 | D:7      | Bought a +1 cloak of invisibility for 247 gold pieces
 11360 | D:8      | Got a steaming war axe
 11362 | D:8      | Identified the +7 war axe "Vaafiexi" {freeze, Dex+4} (You found it on level 8 of the Dungeon)
 11472 | D:8      | Noticed a moth of wrath
 11475 | D:8      | Found a bloodstained altar of Trog.
 11771 | D:9      | Reached XP level 10. HP: 53/79 MP: 15/15
 12011 | D:9      | Reached skill level 1 in Throwing
 12702 | D:10     | Entered Level 10 of the Dungeon
 13183 | D:10     | Reached skill level 5 in Fighting
 13378 | D:11     | Found Ifecs's Food Shoppe.
 13816 | D:11     | Found a staircase to the Orcish Mines.
 13828 | D:11     | Found Dargh's Armour Emporium.
 13836 | D:11     | Bought the +0 helmet of Obunt {Int+4 SInv} for 313 gold pieces
 13845 | D:11     | Found Oviuram's Book Boutique.
 13941 | D:11     | Noticed Erica
 13953 | D:11     | Killed Erica
 14003 | D:11     | Found Qygihic's Assorted Antiques.
 14011 | D:11     | Bought a scroll of identify for 58 gold pieces
 14011 | D:11     | Bought a scroll of fog for 58 gold pieces
 14011 | D:11     | Bought a scroll of identify for 58 gold pieces
 14011 | D:11     | Bought a scroll of identify for 58 gold pieces
 14011 | D:11     | Bought a scroll of fog for 58 gold pieces
 14036 | D:11     | Bought a +2 buckler for 214 gold pieces
 14054 | D:11     | Noticed Maud
 14087 | D:11     | Noticed Erolcha
 14087 | D:11     | Found Oxoocaatwa's Armour Shop.
 14159 | D:12     | Slain by a slime creature

Vault maps used:
D:1:      dpeg_arrival_subterranean_lakeside_camping, minmay_misc_feat_tiny
D:2:      makhleb_heckhound_becter
D:3:      minmay_misc_feat_hallway, nicolae_dithmenos_through_a_glass_darkly
D:4:      grunt_temple_overflow_opulence, first_bread, yredelemnul_altar_generic
D:5:      nicolae_ru_great_annihilating_truth, hangedman_abyss_or_decor_passed,
          uniq_edmund
D:6:      basic_altar, gup_sewer_entry_glass
D:7:      amethyst_overflow_temple_binary, minmay_temple_entry_water_ring,
          serial_shops, nicolae_shop_crystal, the_bakery, trog_hazing_becter
D:8:      tgw_trog, grunt_lair_entry_orc_guard_hut, serial_glass,
          glass_columns_a, glass_columns_a, glass_columns_a, glass_columns_b,
          glass_columns_b, glass_columns_a, glass_columns_a, glass_columns_a
D:11:     hiddenorc1_lemuel, serial_shops, nicolae_shop_window_shopping, shop,
          kennysheep_mini_moat, nicolae_shop_trees, shop, patterned_corridor,
          uniq_erica, uniq_maud, uniq_erolcha, uniq_nergalle
D:12:     portal_ice_cave_entry_imps, lemuel_angel_altar
Temple:   chambers_temple_14
Sewer:    sewer_kobolds

Skill      XL: |  1  2  3  4  5  6  7  8  9 10 |
---------------+-------------------------------+-----
Fighting       | 1 3 4 5 |  5.3
Dodging        | 2 3 4 5 6 |  6.4
Armour         | 1 2 3 |  3.4
Evocations     | 2 4 6 |  6.9
Conjurations   | 1 2 3 |  3.8
Spellcasting   | 2 3 4 |  4.8
Shields        | 4 |  4.0
Throwing       | 4 |  4.1
Stealth        | |  1.2
Air Magic      | |  2.6

Action                   |  1- 3 |  4- 6 |  7- 9 | 10-12 || total
-------------------------+-------+-------+-------+-------++-------
Melee: Club              |    22 |       |       |       ||    22
       Short sword       |   103 |   110 |   279 |       ||   492
       Mace              |       |    15 |    23 |       ||    38
       Hand axe          |       |       |   157 |       ||   157
       War axe           |       |       |    22 |   148 ||   170
 Fire: Blowgun           |       |     5 |    80 |    15 ||   100
Throw: Throwing net      |       |     1 |     2 |       ||     3
       Tomahawk          |       |       |     3 |       ||     3
 Cast: Shock             |    25 |     4 |     9 |       ||    38
       Repel Missiles    |       |       |     1 |       ||     1
Invok: Call Merchant     |       |       |     1 |       ||     1
 Abil: Evoke Invisibilit |       |       |       |     1 ||     1
Evoke: Wand              |       |       |    13 |     4 ||    17
  Use: Scroll            |     5 |     7 |     6 |     5 ||    23
       Potion            |       |       |     4 |       ||     4
 Stab: Held in net/web   |       |     1 |       |       ||     1
       Paralysed         |       |       |     1 |       ||     1
       Distracted        |       |       |     2 |       ||     2
       Sleeping          |       |       |     1 |       ||     1
       Invisible         |       |       |       |     2 ||     2
  Eat: Chunk             |     3 |     7 |       |       ||    10
       Bread ration      |       |       |     4 |     2 ||     6
       Royal jelly       |       |       |     1 |       ||     1
       Beef jerky        |       |       |     1 |       ||     1
       Fruit             |       |       |     5 |       ||     5
       Pizza             |       |       |     1 |     1 ||     2
